 Dungeon Crawl Stone Soup version 0.23.2-1-ga50397a6bc (webtiles) character file.

Game seed: 3556504506027311050

132 Gordogan the Skirmisher (level 5, -5/47 HPs)
             Began as a Hill Orc Fighter on May 5, 2019.
             Slain by a gnoll
             ... wielding a +0 flail
              (9 damage)
             ... on level 3 of the Dungeon.
             The game lasted 00:11:48 (1466 turns).

Gordogan the Skirmisher (Hill Orc Fighter)          Turns: 1466, Time: 00:11:48

Health: -5/47      AC:  4    Str: 20    XL:     5   Next: 15%
Magic:  5/5        EV:  9    Int:  8    God:
Gold:   31         SH:  9    Dex: 10    Spells: 4/4 levels left

rFire    + . .     SeeInvis .   a - +0 war axe
rCold    . . .     Gourm    .   c - +0 shield
rNeg     . . .     Faith    .   n - +2 robe {rF+}
rPois    .         Spirit   .   (no helmet)
rElec    .         Reflect  .   (no cloak)
rCorr    .         Harm     .   (no gloves)
MR       .....                  (no boots)
Stlth    +.........             (no amulet)
HPRegen  0.15/turn              (no ring)
MPRegen  0.09/turn              (no ring)

@: no status effects
A: no striking features
a: no special abilities


You were on level 3 of the Dungeon.
You were not hungry.

You visited 1 branch of the dungeon, and saw 3 of its levels.

You collected 31 gold pieces.

Inventory:

Hand Weapons
 a - a +0 war axe (weapon)
Missiles
 h - 29 stones (quivered)
Armour
 b - a +0 scale mail
 c - a +0 shield (worn)
 n - a +2 robe of fire resistance (worn)
Potions
 d - 3 potions of might
 e - a potion of mutation {unknown}
 i - a potion of degeneration {unknown}
 j - a potion of cancellation {unknown}
 k - a potion of brilliance {unknown}
Comestibles
 f - 3 rations
 g - 13 chunks of flesh


   Skills:
 + Level 4.6 Fighting
 + Level 4.2 Axes
 + Level 4.0 Armour
 + Level 1.1 Dodging
 + Level 0.2 Stealth
 + Level 3.8 Shields


You had 4 spell levels left.
You didn't know any spells.
Your spell library was empty.

Dungeon Overview and Level Annotations

Branches:
Dungeon (3/15)

Altars:


Message History

Throwing (i - inventory)
h - 32 stones (quivered)
Press: ? - help, Shift-Dir - straight line, f/p - gnoll
Aim: a gnoll, wielding a +0 flail You throw a stone.
The stone hits the gnoll but does no damage.
Throwing (i - inventory)
h - 31 stones (quivered)
Press: ? - help, Shift-Dir - straight line, f/p - gnoll
Aim: a gnoll, wielding a +0 flail You throw a stone.
The stone hits the gnoll but does no damage.
Throwing (i - inventory)
h - 30 stones (quivered)
Press: ? - help, Shift-Dir - straight line, f/p - gnoll
Aim: a gnoll, wielding a +0 flail You throw a stone.
The stone barely misses the gnoll.
Your shield prevents you from hitting the gnoll.
The gnoll barely misses you.
You slash the gnoll!
The gnoll is heavily wounded.
The gnoll hits you with a +0 flail!
You die...

.g.#.## ###.(..##
#....(..##
#....(<..##
##....(...#
###.....#(..# +#
#..#.#..#..######..#
.#.#.....(.#g.......#
>.......#÷))@÷......#
.##.........).......#
.......†#..#........#
..........##.........
....#####.###########
... ..# .. ...# ....#
#...


You could see a gnoll.

Vanquished Creatures
  A hound (D:3)
  2 gnolls
  An adder (D:3)
  An ooze (D:1)
  2 worms (D:2)
  A dart slug (D:2)
  2 leopard geckos (D:2)
  4 orcs (D:3)
  A ball python (D:3)
  5 giant cockroaches
  6 goblins
  4 hobgoblins
  6 jackals
  4 kobolds
  2 quokkas (D:2)
  3 bats
  3 frilled lizards
  6 rats
54 creatures vanquished.

Notes
Turn   | Place    | Note
-------+----------+-------------------------------------------
     0 | D:1      | Gordogan the Hill Orc Fighter began the quest for the Orb.
     0 | D:1      | Reached XP level 1. HP: 19/19 MP: 1/1
    37 | D:1      | Reached XP level 2. HP: 23/27 MP: 2/2
   322 | D:1      | Reached XP level 3. HP: 32/33 MP: 3/3
  1256 | D:2      | Reached XP level 4. HP: 23/40 MP: 4/4
  1449 | D:3      | HP: 1/41 [gnoll/+0 whip (5)]
  1451 | D:3      | Reached skill level 1 in Dodging
  1451 | D:3      | Reached XP level 5. HP: 1/47 MP: 5/5
  1466 | D:3      | Slain by a gnoll

Skill      XL: |  1  2  3  4 |
---------------+-------------+-----
Fighting       | 4 |  4.6
Axes           | 3 4 |  4.2
Armour         | 4 |  4.0
Dodging        | 1 |  1.1
Stealth        | |  0.2
Shields        | |  3.8

Action                   |  1- 3 |  4- 6 || total
-------------------------+-------+-------++-------
Melee: War axe           |    91 |    45 ||   136
Throw: Stone             |       |     5 ||     5
  Use: Scroll            |     5 |     1 ||     6
 Stab: Sleeping          |     1 |       ||     1
  Eat: Chunk             |     1 |     1 ||     2
Armor: Scale mail        |    15 |       ||    15
       Robe              |    18 |    31 ||    49
Dodge: Dodged            |    31 |    28 ||    59
Block: Shield            |    45 |    34 ||    79
